| TOP OF THE 1ST |
|
Colon Scallywags batting - Pitching for Puerto Barrios Generals : RHP Brian Fisher
|
|
Pitching: RHP Brian Fisher
|
|
|
Batting: SHB Jordan Ayala
|
0-0: Foul Ball, location: 2F 0-1: Ball 1-1: SINGLE (Groundball, 4S, EV 68.1 MPH) (infield hit)
|
|
Batting: LHB Daryl Sconiers
|
0-0: Ball 1-0: Called Strike 1-1: Foul Ball, location: 2F 1-2: Strikes out swinging
|
|
Batting: RHB Gerry Davis
|
0-0: Foul Ball, location: 2F 0-1: Ball Jordan Ayala steals 2nd base 1-1: Swinging Strike 1-2: Strikes out swinging
|
|
Batting: LHB Bruce Bochte
|
0-0: Ball 1-0: Swinging Strike 1-1: Ball 2-1: Ball 3-1: Base on Balls
|
|
Batting: RHB Dennis Werth
|
0-0: Ball 1-0: Ball 2-0: Called Strike 2-1: Called Strike 2-2: Ball 3-2: Base on Balls Jordan Ayala to third Bruce Bochte to second
|
|
Batting: RHB Pat Casey
|
0-0: Ball 1-0: Foul Ball, location: 2F 1-1: Ball 2-1: Ball 3-1: Foul Ball, location: 2F 3-2: Foul Ball, location: 2F 3-2: Base on Balls Jordan Ayala scores Bruce Bochte to third Dennis Werth to second
|
|
Batting: SHB Biff Pocoroba
|
0-0: Foul Ball, location: 2F 0-1: Ground out U3 (Groundball, 34, EV 104.4 MPH)
|
| Top of the 1st over - 1 run, 1 hit, 0 errors, 3 left on base; Colon 1 - Puerto Barrios 0 |
| BOTTOM OF THE 1ST |
|
Puerto Barrios Generals batting - Pitching for Colon Scallywags : RHP Don Robinson
|
|
Pitching: RHP Don Robinson
|
|
|
Batting: RHB Lee Hover
|
0-0: Ball 1-0: Ball 2-0: Called Strike 2-1: Ball 3-1: Called Strike 3-2: Strikes out swinging, 2-3 out at first.
|
|
Batting: LHB George Johnson
|
0-0: Called Strike 0-1: Called Strike 0-2: Strikes out swinging
|
|
Batting: LHB Ted French
|
0-0: Ball 1-0: Ball 2-0: Called Strike 2-1: Foul Ball, location: 2F 2-2: Fly out, F7 (Flyball, 7S, EV 91.3 MPH)
|
| Bottom of the 1st over - 0 runs, 0 hits, 0 errors, 0 left on base; Colon 1 - Puerto Barrios 0 |
| TOP OF THE 2ND |
|
Colon Scallywags batting - Pitching for Puerto Barrios Generals : RHP Brian Fisher
|
|
Batting: LHB Garcia Gutierrez
|
0-0: Called Strike 0-1: Foul Ball, location: 2F 0-2: Ground out 1-3 (Groundball, 34S, EV 88.8 MPH)
|
|
Batting: RHB Johnnie LeMaster
|
0-0: DOUBLE (Line Drive, 89D, EV 111.9 MPH)
|
|
Batting: SHB Jordan Ayala
|
0-0: Foul Ball, location: 2F 0-1: Ball Johnnie LeMaster is caught stealing 3rd base 2-5 1-1: Foul Ball, location: 2F 1-2: Strikes out looking
|
| Top of the 2nd over - 0 runs, 1 hit, 0 errors, 0 left on base; Colon 1 - Puerto Barrios 0 |
| BOTTOM OF THE 2ND |
|
Puerto Barrios Generals batting - Pitching for Colon Scallywags : RHP Don Robinson
|
|
Batting: LHB Billy Weems
|
0-0: Ball 1-0: Ball 2-0: Called Strike 2-1: Foul Ball, location: 2F 2-2: Ball 3-2: SINGLE (Line Drive, 8LS, EV 101.9 MPH)
|
|
Batting: LHB Randy Harvey
|
0-0: Foul Ball, location: 2F 0-1: Swinging Strike 0-2: Ball 1-2: Ball 2-2: Strikes out swinging
|
|
Batting: RHB Mark Sproesser
|
0-0: Swinging Strike 0-1: Swinging Strike 0-2: Foul Ball, location: 2F 0-2: Ball 1-2: Ball 2-2: Fly out, F9 (Flyball, 9S, EV 77.5 MPH)
|
|
Batting: RHB Richard Hyatt
|
0-0: Ground out 5-3 (Groundball, 56S, EV 85.0 MPH)
|
| Bottom of the 2nd over - 0 runs, 1 hit, 0 errors, 1 left on base; Colon 1 - Puerto Barrios 0 |
| TOP OF THE 3RD |
|
Colon Scallywags batting - Pitching for Puerto Barrios Generals : RHP Brian Fisher
|
|
Batting: LHB Daryl Sconiers
|
0-0: Called Strike 0-1: Fly out, F8 (Flyball, 89M, EV 89.4 MPH)
|
|
Batting: RHB Gerry Davis
|
0-0: Ball 1-0: Ball 2-0: Ball 3-0: Called Strike 3-1: Foul Ball, location: 2F 3-2: Ground out 6-3 (Groundball, 56, EV 89.4 MPH)
|
|
Batting: LHB Bruce Bochte
|
0-0: Reached on error, E6 (Groundball, 6, EV 101.9 MPH)
|
|
Batting: RHB Dennis Werth
|
0-0: Called Strike 0-1: Swinging Strike 0-2: Ball 1-2: Ball 2-2: Ball 3-2: Strikes out looking
|
| Top of the 3rd over - 0 runs, 0 hits, 1 error, 1 left on base; Colon 1 - Puerto Barrios 0 |
| BOTTOM OF THE 3RD |
|
Puerto Barrios Generals batting - Pitching for Colon Scallywags : RHP Don Robinson
|
|
Batting: RHB Inocencio Guerrero
|
0-0: Ball 1-0: Ball 2-0: Called Strike 2-1: Fly out, F8 (Flyball, 8LD, EV 87.5 MPH)
|
|
Batting: RHB Darrell Baugh
|
0-0: Ball 1-0: Called Strike 1-1: Foul Ball, location: 2F 1-2: Strikes out swinging
|
|
Batting: RHB Lee Hover
|
0-0: Ball 1-0: Ball 2-0: Called Strike 2-1: Foul Ball, location: 2F 2-2: Strikes out looking
|
| Bottom of the 3rd over - 0 runs, 0 hits, 0 errors, 0 left on base; Colon 1 - Puerto Barrios 0 |
| TOP OF THE 4TH |
|
Colon Scallywags batting - Pitching for Puerto Barrios Generals : RHP Brian Fisher
|
|
Batting: RHB Pat Casey
|
0-0: Ball 1-0: Called Strike 1-1: Ball 2-1: Ball 3-1: Base on Balls
|
|
Batting: SHB Biff Pocoroba
|
0-0: Foul Ball, location: 2F 0-1: Ball 1-1: Ball 2-1: Ball 3-1: Called Strike 3-2: Base on Balls Pat Casey to second
|
|
Batting: LHB Garcia Gutierrez
|
0-0: Ball 1-0: Ball 2-0: Ball 3-0: Called Strike 3-1: Base on Balls Pat Casey to third Biff Pocoroba to second
|
|
Batting: RHB Johnnie LeMaster
|
0-0: Called Strike 0-1: Ball 1-1: Ball 2-1: Foul Ball, location: 2F 2-2: Ball 3-2: Base on Balls Pat Casey scores Biff Pocoroba to third Garcia Gutierrez to second
|
|
Batting: SHB Jordan Ayala
|
0-0: Fly out, F7 (Flyball, 7D, EV 98.8 MPH) Runner from 3rd tags up, SCORES, no throw by LF Garcia Gutierrez to third
|
|
Batting: LHB Daryl Sconiers
|
0-0: Called Strike 0-1: Called Strike 0-2: Ball Johnnie LeMaster steals 2nd, throwing error, E2 Garcia Gutierrez scores Johnnie LeMaster to third 1-2: Ball 2-2: Fly out, F8 (Flyball, 8LXD, EV 86.3 MPH) Runner from 3rd tags up, SCORES, no throw by CF
|
|
Pitching: RHP Melvin Duarte
|
|
|
Batting: RHB Gerry Davis
|
0-0: Ball 1-0: Foul Ball, location: 2F 1-1: Ground out 5-3 (Groundball, 56S, EV 85.6 MPH)
|
| Top of the 4th over - 4 runs, 0 hits, 1 error, 0 left on base; Colon 5 - Puerto Barrios 0 |
| BOTTOM OF THE 4TH |
|
Puerto Barrios Generals batting - Pitching for Colon Scallywags : RHP Don Robinson
|
|
Batting: LHB George Johnson
|
0-0: Ball 1-0: Ball 2-0: Ball 3-0: Called Strike 3-1: Foul Ball, location: 2F 3-2: Foul Ball, location: 2F 3-2: Foul Ball, location: 2F 3-2: Base on Balls
|
|
Batting: LHB Ted French
|
0-0: Foul Ball, location: 2F 0-1: Ball 1-1: Ball 2-1: Foul Ball, location: 2F 2-2: Hit by Pitch George Johnson to second
|
|
Batting: LHB Billy Weems
|
0-0: Ball 1-0: Swinging Strike 1-1: Fly out, F7 (Flyball, 78M, EV 84.4 MPH)
|
|
Batting: LHB Randy Harvey
|
0-0: Called Strike George Johnson steals 3rd base 0-1: Grounds into double play, 4-6-3 (Groundball, 34, EV 89.4 MPH)
|
| Bottom of the 4th over - 0 runs, 0 hits, 0 errors, 1 left on base; Colon 5 - Puerto Barrios 0 |
| TOP OF THE 5TH |
|
Colon Scallywags batting - Pitching for Puerto Barrios Generals : RHP Melvin Duarte
|
|
Batting: LHB Bruce Bochte
|
0-0: Ball 1-0: SINGLE (Groundball, 6D, EV 96.9 MPH)
|
|
Batting: RHB Dennis Werth
|
0-0: Called Strike 0-1: Called Strike 0-2: Ball 1-2: Ball 2-2: Ball 3-2: Foul Ball, location: 2F 3-2: Base on Balls Bruce Bochte to second
|
|
Batting: RHB Pat Casey
|
0-0: Called Strike 0-1: Foul Ball, location: 2F 0-2: Ball 1-2: Foul Ball, location: 2F 1-2: Ball 2-2: Foul Ball, location: 2F 2-2: Fly out, F9 (Line Drive, 9, EV 102.5 MPH)
|
|
Batting: SHB Biff Pocoroba
|
0-0: Swinging Strike 0-1: Fly out, F1 (Line Drive, P, EV 72.5 MPH)
|
|
Batting: LHB Garcia Gutierrez
|
0-0: Ball 1-0: Swinging Strike 1-1: Foul Ball, location: 2F 1-2: SINGLE (Groundball, 4MD, EV 95.6 MPH) Bruce Bochte to third Dennis Werth to second Runner from 3rd tries for Home, SAFE, no throw by CF
|
|
Batting: RHB Johnnie LeMaster
|
0-0: Ball 1-0: Called Strike 1-1: Ball 2-1: Ball 3-1: Foul Ball, location: 2F 3-2: Ground out 4-3 (Groundball, 4, EV 86.3 MPH)
|
| Top of the 5th over - 1 run, 2 hits, 0 errors, 2 left on base; Colon 6 - Puerto Barrios 0 |
| BOTTOM OF THE 5TH |
|
Puerto Barrios Generals batting - Pitching for Colon Scallywags : RHP Don Robinson
|
|
Batting: RHB Mark Sproesser
|
0-0: Called Strike 0-1: Ball 1-1: Fly out, F4 (Line Drive, 4, EV 76.3 MPH)
|
|
Batting: RHB Richard Hyatt
|
0-0: Ball 1-0: Swinging Strike 1-1: Swinging Strike 1-2: Foul Ball, location: 2F 1-2: Strikes out swinging
|
|
Batting: RHB Inocencio Guerrero
|
0-0: Ball 1-0: Foul Ball, location: 2F 1-1: Ball 2-1: Foul Ball, location: 2F 2-2: SINGLE (Line Drive, 8RS, EV 96.9 MPH)
|
|
Batting: RHB Darrell Baugh
|
0-0: Ball 1-0: Called Strike 1-1: Ball 2-1: Reached on error, E5 (Groundball, 56S, EV 92.5 MPH) Inocencio Guerrero to third
|
|
Batting: RHB Lee Hover
|
0-0: Called Strike 0-1: Swinging Strike 0-2: Ball 1-2: Strikes out looking
|
| Bottom of the 5th over - 0 runs, 1 hit, 1 error, 2 left on base; Colon 6 - Puerto Barrios 0 |
| TOP OF THE 6TH |
|
Colon Scallywags batting - Pitching for Puerto Barrios Generals : RHP Melvin Duarte
|
|
Batting: SHB Jordan Ayala
|
0-0: Foul Ball, location: 2F 0-1: Ball 1-1: Fly out, F8 (Line Drive, 8LD, EV 90.6 MPH)
|
|
Batting: LHB Daryl Sconiers
|
0-0: Called Strike 0-1: Ball 1-1: Ball 2-1: Foul Ball, location: 2F 2-2: Foul Ball, location: 2F 2-2: Fly out, F7 (Flyball, 78XD, EV 89.4 MPH)
|
|
Batting: RHB Gerry Davis
|
0-0: Called Strike 0-1: Ball 1-1: Foul Ball, location: 2F 1-2: Ball 2-2: Foul Ball, location: 2F 2-2: Fly out, F8 (Line Drive, 8RM, EV 111.9 MPH)
|
| Top of the 6th over - 0 runs, 0 hits, 0 errors, 0 left on base; Colon 6 - Puerto Barrios 0 |
| BOTTOM OF THE 6TH |
|
Puerto Barrios Generals batting - Pitching for Colon Scallywags : RHP Don Robinson
|
|
Batting: LHB George Johnson
|
0-0: Ball 1-0: Foul Ball, location: 2F 1-1: Ball 2-1: Fly out, F7 (Flyball, 7, EV 81.3 MPH)
|
|
Batting: LHB Ted French
|
0-0: Ball 1-0: Called Strike 1-1: Called Strike 1-2: Ball 2-2: Ground out U3 (Groundball, 34, EV 102.5 MPH)
|
|
Batting: LHB Billy Weems
|
0-0: Ball 1-0: Called Strike 1-1: Ball 2-1: Ball 3-1: Base on Balls
|
|
Batting: LHB Randy Harvey
|
0-0: Called Strike 0-1: Ball Billy Weems steals 2nd base (no throw) 1-1: Foul Ball, location: 2F 1-2: Foul Ball, location: 2F 1-2: Ball 2-2: Ball 3-2: Strikes out swinging
|
| Bottom of the 6th over - 0 runs, 0 hits, 0 errors, 1 left on base; Colon 6 - Puerto Barrios 0 |
| TOP OF THE 7TH |
|
Colon Scallywags batting - Pitching for Puerto Barrios Generals : RHP Melvin Duarte
|
|
Batting: LHB Bruce Bochte
|
0-0: Swinging Strike 0-1: Foul Ball, location: 2F 0-2: Ball 1-2: Ball 2-2: Fly out, F7 (Line Drive, 7, EV 108.8 MPH)
|
|
Batting: RHB Dennis Werth
|
0-0: Ball 1-0: Foul Ball, location: 2F 1-1: Foul Ball, location: 2F 1-2: Foul Ball, location: 2F 1-2: Foul Ball, location: 2F 1-2: Strikes out looking
|
|
Batting: RHB Pat Casey
|
0-0: Called Strike 0-1: Called Strike 0-2: Ball 1-2: Ball 2-2: Strikes out looking
|
| Top of the 7th over - 0 runs, 0 hits, 0 errors, 0 left on base; Colon 6 - Puerto Barrios 0 |
| BOTTOM OF THE 7TH |
|
Puerto Barrios Generals batting - Pitching for Colon Scallywags : RHP Don Robinson
|
|
Batting: RHB Mark Sproesser
|
0-0: Ball 1-0: Ball 2-0: Foul Ball, location: 2F 2-1: Reached on error, E6 (Groundball, 56, EV 98.8 MPH)
|
|
Batting: RHB Richard Hyatt
|
0-0: Called Strike 0-1: Swinging Strike 0-2: Ball 1-2: Ball 2-2: Ball 3-2: Strikes out looking
|
|
Batting: RHB Inocencio Guerrero
|
0-0: Called Strike 0-1: Ground out 5-3 (Groundball, 5L, EV 100.6 MPH)
|
|
Batting: RHB Darrell Baugh
|
0-0: Called Strike 0-1: Ball 1-1: Ball 2-1: Ball 3-1: Base on Balls
|
|
Batting: RHB Lee Hover
|
0-0: Called Strike 0-1: Ball 1-1: SINGLE (Line Drive, 5D, EV 108.8 MPH) Mark Sproesser to third Darrell Baugh to second Runner from 3rd tries for Home, SAFE, throw by LF to home
|
|
Batting: LHB George Johnson
|
0-0: Ball 1-0: Ball 2-0: Ball 3-0: Called Strike 3-1: Called Strike 3-2: Ground out 1-3 (Groundball, 13S, EV 70.6 MPH)
|
| Bottom of the 7th over - 1 run, 1 hit, 1 error, 2 left on base; Colon 6 - Puerto Barrios 1 |
| TOP OF THE 8TH |
|
Colon Scallywags batting - Pitching for Puerto Barrios Generals : RHP Melvin Duarte
|
|
Pitching: LHP Nick Fiorillo
|
|
|
Batting: SHB Biff Pocoroba
|
0-0: Ball 1-0: Ground out 5-3 (Groundball, 56, EV 80.6 MPH)
|
|
Batting: LHB Garcia Gutierrez
|
0-0: Foul Ball, location: 2F 0-1: Ball 1-1: Ball 2-1: Called Strike 2-2: Foul Ball, location: 2F 2-2: Fly out, F9 (Flyball, 9LSF, EV 75.0 MPH)
|
|
Batting: RHB Johnnie LeMaster
|
0-0: Swinging Strike 0-1: Ball 1-1: Ground out 5-3 (Groundball, 5, EV 98.8 MPH)
|
| Top of the 8th over - 0 runs, 0 hits, 0 errors, 0 left on base; Colon 6 - Puerto Barrios 1 |
| BOTTOM OF THE 8TH |
|
Puerto Barrios Generals batting - Pitching for Colon Scallywags : RHP Don Robinson
|
|
Batting: LHB Ted French
|
0-0: Called Strike 0-1: Ball 1-1: Ball 2-1: Swinging Strike 2-2: Foul Ball, location: 2F 2-2: Fly out, F2 (Popup, 5SF, EV 78.1 MPH)
|
|
Batting: LHB Billy Weems
|
0-0: Ball 1-0: Called Strike 1-1: Foul Ball, location: 2F 1-2: Ball 2-2: Ball 3-2: Fly out, F7 (Flyball, 7, EV 86.3 MPH)
|
|
Batting: LHB Randy Harvey
|
0-0: Ball 1-0: Swinging Strike 1-1: Foul Ball, location: 2F 1-2: Ball 2-2: Strikes out swinging
|
| Bottom of the 8th over - 0 runs, 0 hits, 0 errors, 0 left on base; Colon 6 - Puerto Barrios 1 |
| TOP OF THE 9TH |
|
Colon Scallywags batting - Pitching for Puerto Barrios Generals : LHP Nick Fiorillo
|
|
Batting: SHB Jordan Ayala
|
0-0: Ball 1-0: Fly out, F9 (Flyball, 89M, EV 90.0 MPH)
|
|
Batting: LHB Daryl Sconiers
|
0-0: Swinging Strike 0-1: Hit by Pitch
|
|
Batting: RHB Gerry Davis
|
0-0: Foul Ball, location: 2F 0-1: Swinging Strike 0-2: Foul Ball, location: 2F 0-2: Ball 1-2: Strikes out swinging
|
|
Batting: LHB Bruce Bochte
|
0-0: Called Strike 0-1: SINGLE (Line Drive, 8RS, EV 93.1 MPH) Daryl Sconiers to second Runner from 2nd tries for 3rd, SAFE, no throw by CF
|
|
Batting: RHB Dennis Werth
|
0-0: Called Strike 0-1: Ball 1-1: DOUBLE (Flyball, 7LD, EV 112.5 MPH) Daryl Sconiers scores Bruce Bochte to third Runner from 3rd tries for Home, SAFE, throw by LF to home
|
|
Batting: RHB Pat Casey
|
0-0: Ball 1-0: Called Strike 1-1: Swinging Strike 1-2: Strikes out looking
|
| Top of the 9th over - 2 runs, 2 hits, 0 errors, 1 left on base; Colon 8 - Puerto Barrios 1 |
| BOTTOM OF THE 9TH |
|
Puerto Barrios Generals batting - Pitching for Colon Scallywags : RHP Don Robinson
|
|
Pinch Hitting: LHB Bruce McAlister
|
0-0: Ground out 6-3 (Groundball, 6, EV 86.9 MPH)
|
|
Pinch Hitting: LHB Jerald Hammermeister
|
0-0: Called Strike 0-1: Ball 1-1: Swinging Strike 1-2: Ball 2-2: Ground out 4-3 (Groundball, 4S, EV 68.8 MPH)
|
|
Pinch Hitting: RHB David Alderman
|
0-0: Called Strike 0-1: Ball 1-1: Ball 2-1: Foul Ball, location: 2F 2-2: Fly out, F6 (Line Drive, 6, EV 72.5 MPH)
|
| Bottom of the 9th over - 0 runs, 0 hits, 0 errors, 0 left on base; Colon 8 - Puerto Barrios 1 |
|